 Dungeon Crawl Stone Soup version 0.25.1-2-g60ff931df9 (webtiles) character file.

Game seed: 15159835506243774493

40 H0rd4k the Insei (level 3, -2/20 HPs)
             Began as an Octopode Transmuter on Aug 3, 2020.
             Slain by Sigmund
             ... wielding a +1 scythe of protection
              (7 damage)
             ... on level 2 of the Dungeon.
             The game lasted 00:01:17 (1221 turns).

H0rd4k the Insei (Octopode Transmuter)              Turns: 1221, Time: 00:01:19

Health: -2/20      AC:  1    Str:  9 (11) XL:     3   Next: 50%
Magic:  6/6        EV: 13    Int: 15 (16) God:
Gold:   55         SH:  0    Dex: 11 (12) Spells: 0/6 levels left

rFire    . . .     SeeInvis +     - Unarmed
rCold    . . .     Gourm    .   (no shield)
rNeg     . . .     Faith    .   (helmet restricted)
rPois    .         Spirit   .   (no amulet)
rElec    .         Reflect  .   g - ring of see invisible
rCorr    .         Harm     .   (no ring)
MR       .....                  (no ring)
Stlth    ++........             (no ring)
HPRegen  0.06/turn              (no ring)
MPRegen  0.10/turn              (no ring)
                                (no ring)
                                (no ring)

@: appendage (expiring)
A: almost no armour, stealthy swim, amphibious, 8 rings, constrict 8, tentacle
spike 3, camouflage 1, frail 1, strong 1, gelatinous body 1
a: End Transformation


You were on level 2 of the Dungeon.
You were hungry.
One of your tentacles had a temporary spike.
You visited 1 branch of the dungeon, and saw 2 of its levels.

You collected 55 gold pieces.

Inventory:

Missiles
 a - 12 arrows
Jewellery
 g - a ring of see invisible (left tentacle)
Scrolls
 b - a scroll of enchant weapon {unknown}
 h - a scroll of random uselessness {unknown}
 i - a scroll of identify {unknown}
 j - a scroll of teleportation {unknown}
 k - a scroll of immolation {unknown}
Potions
 d - a potion of mutation
 l - a potion of brilliance {unknown}
 m - 2 potions of cancellation {unknown}
Comestibles
 c - a ration


   Skills:
 + Level 1.0 Fighting
 + Level 2.2 Dodging
 + Level 0.1 Stealth
 + Level 3.8 Unarmed Combat
 * Level 2.3 Spellcasting
 * Level 2.2 Transmutations


You couldn't memorise any spells.
You knew the following spells:

 Your Spells              Type           Power        Failure   Level  Hunger
a - Beastly Appendage     Tmut           #.....       9%          1    #......
b - Sticks to Snakes      Tmut           #.......     13%         2    ###....
c - Spider Form           Tmut/Pois      #.........   38%         3    ###....

Your spell library contained the following spells:

 Spells                   Type           Power        Failure   Level  Hunger
 Ice Form                 Ice/Tmut       #.......     80%         4    #####..
 Blade Hands              Tmut           #.........   93%         5    ######.


Dungeon Overview and Level Annotations

Branches:
Dungeon (2/15)

Altars:

Annotations:
D:2 Natasha, Sigmund


Innate Abilities, Weirdness & Mutations

You cannot wear most types of armour.
You are very stealthy in the water. (Stealth+)
You are amphibious.
You can wear up to eight rings at the same time.
You can use your tentacles to constrict eight enemies at once.
Your skin changes colour to match your surroundings (Stealth+).
Your rubbery body absorbs attacks. (AC +1, EV +1)
One of your tentacles bears a large vicious spike.
You are frail. (-10% HP)
Your muscles are strong. (Str +2)


Message History

You aren't carrying any items that you can evoke.
Unknown command.
It was a potion of mutation.
You feel extremely strange.
You feel frail.
You feel stronger. Natasha closely misses you. Sigmund closely misses you.
It was a potion of curing.
You feel better. Natasha closely misses you.
You tentacle-slap Natasha but do no damage.
Your grab misses Natasha.
Sigmund hits you from afar with a +1 scythe of protection.
Natasha claws you!
* * * LOW HITPOINT WARNING * * *
You tentacle-slap Natasha but do no damage.
You grab Natasha.
You pierce Natasha, but do no damage.
You constrict Natasha.
It was a potion of degeneration.
There was something very wrong with that liquid.
You feel weakened.
You feel dopey.
You feel clumsy.
Your transformation is almost over.
You constrict Natasha.
Sigmund hits you from afar with a +1 scythe of protection!
You die...

### #. #..
...######.#####
#..#....@.....#
#..#.# #h#
#..#.####@###.#.#
##...............#
####.................
.........)..#.###.###
##........#.# #
####........#.# ##
#<..........#.#
.###.###.......#.#
..#...####..####.#


You could see Sigmund (invisible) and Natasha.

Vanquished Creatures
  A gnoll (D:1)
  A dart slug (D:1)
  A leopard gecko (D:1)
  3 bats (D:1)
  4 giant cockroaches (D:1)
  4 goblins (D:1)
  3 hobgoblins
  A ball python (D:1)
  2 frilled lizards
  4 kobolds (D:1)
  A rat (D:1)
25 creatures vanquished.

Notes
Turn   | Place    | Note
-------+----------+-------------------------------------------
     0 | D:1      | H0rd4k the Octopode Transmuter began the quest for the Orb.
     0 | D:1      | Reached XP level 1. HP: 13/13 MP: 3/3
   204 | D:1      | Reached XP level 2. HP: 15/18 MP: 5/5
   415 | D:1      | Reached XP level 3. HP: 23/23 MP: 6/6
   423 | D:1      | Learned a level 2 spell: Sticks to Snakes
   427 | D:1      | Learned a level 3 spell: Spider Form
  1205 | D:2      | Noticed Sigmund
  1213 | D:2      | Noticed Natasha
  1217 | D:2      | Gained mutation: You are frail. (-10% HP) [potion of
                  | mutation]
  1217 | D:2      | Gained mutation: Your muscles are strong. (Str +2) [potion
                  | of mutation]
  1221 | D:2      | Slain by Sigmund

Illustrated notes

Levels and vault maps discovered:
D:1:      matt_arrival_refuge, layout_loops_ring
D:2:      layout_loops_ring, nicolae_gozag_zags_fifth_avenue, uniq_sigmund,
          uniq_natasha

Action                   || total
-------------------------++-------
Melee: Unarmed           ||    69
       Constrict         ||    19
       Tentacles         ||     8
       Kick              ||     3
       Punch             ||     1
 Cast: Beastly Appendage ||     1
  Use: Potion            ||     3
 Stab: Sleeping          ||     6
Armor: Skin              ||     4
Dodge: Dodged            ||    44
